 Dungeon Crawl Stone Soup version 0.31.0-32-g396128a36d (webtiles) character file.

Game seed: 10608658850680124630

378 Killerpretzel the Changeling (level 6, -1/42 HPs)
             Began as an Octopode Shapeshifter on Mar 8, 2024.
             Slain by Ijyb
             ... wielding a +3 dagger of speed
              (4 damage)
             ... on level 4 of the Dungeon.
             The game lasted 00:03:03 (3244 turns).

Killerpretzel the Changeling (OpSh)                 Turns: 3244, Time: 00:03:04

Health: -1/42      AC:  1    Str: 13    XL:     6   Next: 74%
Magic:  6/6        EV: 14    Int: 13    God:
Gold:   203        SH:  0    Dex: 13    Spells: 5/5 levels left

rFire   . .          .
                       - Unarmed
rCold   . . .        (no shield)
rNeg    . . .        (helmet currently unavailable)
rPois   +            (no amulet)
rElec   .            f - ring of poison resistance
rCorr   .            (no ring)
SInv    .            (no ring)
Will    .....        (no ring)
Stlth   ++           (no ring)
HPRegen 0.27/turn    (no ring)
MPRegen 0.10/turn    (no ring)
                     (no ring)

%: no passive effects
@: mighty, beast-form
A: beast (slay +2), almost no armour, amphibious, 8 rings, camouflage 1,
gelatinous body 1, (nimble swimmer 1), tentacles
a: Begin Untransformation


You were on level 4 of the Dungeon.
You were a hulking beast.
You visited 1 branch of the dungeon, and saw 4 of its levels.

You collected 203 gold pieces.

Inventory:

Missiles
 l - 4 curare-tipped darts
 q - 2 atropa-tipped darts
 r - 2 boomerangs
 s - 11 stones
Jewellery
 f - a ring of poison resistance (left tentacle)
Talismans
 b - a beast talisman
 c - a flux talisman
Wands
 n - a wand of mindburst (4)
Scrolls
 h - a scroll of teleportation
 k - a scroll of fog
 m - 2 scrolls of identify
 t - a scroll of enchant armour {unknown}
Potions
 a - 3 potions of lignification
 d - 2 potions of cancellation
 e - a potion of might
 i - a potion of attraction
 j - a potion of curing {unknown}
 o - 3 potions of enlightenment {unknown}


   Skills:
 + Level 3.0 Fighting
 + Level 3.4 Dodging
 + Level 4.2 Unarmed Combat
 * Level 4.8 Shapeshifting


You had 5 spell levels left.
You didn't know any spells.
Your spell library contained the following spells:

 Spells                   Type           Power      Damage    Failure   Level
 Freeze                   Ice            0%         1d3       30%         1
 Blink                    Tloc           0%         N/A       43%         2
 Call Imp                 Summ           0%         N/A       43%         2
 Lesser Beckoning         Tloc           0%         N/A       43%         2
 Momentum Strike          Conj/Tloc      0%         3d8       43%         2
 Sublimation of Blood     Necr           0%         N/A       43%         2
 Frozen Ramparts          Ice            0%         1d1       67%         3
 Hailstorm                Conj/Ice       0%         3d5       67%         3
 Petrify                  Alch/Erth      0%         N/A       97%         4
 Irradiate                Conj/Alch      0%         3d11      100%        5
 Summon Hydra             Summ           0%         N/A       100%        7


Dungeon Overview and Level Annotations

Branches:
Dungeon (4/15)
 Temple: D:4-7

Altars:
Ashenzari
Makhleb

Annotations:
D:4 Ijyb


Innate Abilities, Weirdness & Mutations

You are a hulking beast.
Your limbs bulge with bestial killing power. (Slay +2)
You cannot wear most types of armour.
You are amphibious.
You can wear up to eight rings at the same time.
Your skin changes colour to match your surroundings (Stealth+).
Your rubbery body absorbs attacks. (AC +1, EV +1)
((You are camouflaged when in or above water. (Stealth+)))
You have tentacles for arms and can constrict up to eight enemies at once.


Message History

You tentacle-slap the orc wizard.
The orc wizard is heavily wounded.
You constrict the orc wizard. The orc wizard closely misses you.
You tentacle-slap Ijyb but do no damage.
You grab Ijyb. You constrict Ijyb. You constrict the orc wizard.
Ijyb hits you with a +3 dagger of speed.
The orc completely misses you.
The orc wizard hits you with a +0 dagger.
* * * LOW HITPOINT WARNING * * *
Ijyb closely misses you.
You barely miss Ijyb.
Ijyb is lightly wounded.
You constrict Ijyb. You constrict the orc wizard. The orc closely misses you.
The orc wizard casts a spell at you.
You are confused.
Ijyb hits you with a +3 dagger of speed.
* * * LOW HITPOINT WARNING * * *
You feel much better.
You constrict Ijyb, but do no damage. You constrict the orc wizard.
You kill the orc wizard!
Ijyb hits you with a +3 dagger of speed.
The orc hits you from afar with a +0 trident.
Ijyb hits you with a +3 dagger of speed.
Your Fighting skill increases to level 3!
You release your grip on Ijyb.
The orc barely misses you.
Ijyb hits you with a +3 dagger of speed.
You're too confused to move!
Ijyb misses you. The orc barely misses you.
Ijyb zaps a wand.
The bolt of acid hits you!
* * * LOW HITPOINT WARNING * * *
You feel very mighty all of a sudden. The orc misses you.
Ijyb hits you with a +3 dagger of speed.
* * * LOW HITPOINT WARNING * * *
You bludgeon Ijyb! You squeeze Ijyb.
Ijyb is almost dead.
You feel less confused. The orc barely misses you.
Ijyb hits you with a +3 dagger of speed.
You die...

...#...##.##....##.###..#
...#...##.##....##.# #..# #
...#...##.##....##.###..##.#
...#...##.##....##.........#
####...##.##....###<....####
# #...##.##....###....#### #
#......###............... #
..##...)g...##.##### # #
#..o)h...##.# ##..
#..!#######.. .... #((.#
#.## ..... ...... .# .....
.....o.. ..##. .........#
..# ..####.... ..# .. #....
....


You could see Ijyb and an orc.

Vanquished Creatures
  3 scorpions (D:4)
  2 hounds (D:4)
  An orc priest (D:3)
  An orc wizard (D:4)
  2 adders
  A dart slug (D:3)
  5 orcs
  5 endoplasms
  3 giant cockroaches
  8 goblins
  2 hobgoblins
  5 kobolds
  4 quokkas
  6 ball pythons
  4 bats
  5 rats
57 creatures vanquished.

Notes
Turn   | Place    | Note
-------+----------+-------------------------------------------
     0 | D:1      | Killerpretzel the Octopode Shapeshifter began the quest for
                  | the Orb.
     0 | D:1      | Reached XP level 1. HP: 13/13 MP: 1/1
   240 | D:1      | Reached XP level 2. HP: 18/18 MP: 2/2
  1171 | D:2      | Found a broken altar of Ashenzari.
  1203 | D:2      | Reached XP level 3. HP: 23/23 MP: 3/3
  2371 | D:3      | Reached XP level 4. HP: 29/29 MP: 4/4
  2563 | D:3      | Found a burning altar of Makhleb.
  2814 | D:4      | Noticed a scorpion
  2825 | D:4      | Killed a scorpion
  2826 | D:4      | Reached XP level 5. HP: 34/34 MP: 5/5
  2866 | D:4      | Reached XP level 6. HP: 17/41 MP: 6/6
  3229 | D:4      | Noticed Ijyb
  3244 | D:4      | Slain by Ijyb

Illustrated notes

Levels and vault maps discovered:
D:1:      dpeg_arrival_connections, layout_loops_ring
D:2:      layout_basic, basic_altar
D:3:      layout_loops_cross, bloody_makhleb, nrook_mini_vaults,
          nicolae_eternal_life, supply_closet_lemuel
D:4:      layout_basic, uniq_ijyb

Skill      XL: |  1  2  3  4  5  6 |
---------------+-------------------+-----
Fighting       | 2 3 |  3.0
Shapeshifting  | 4 |  4.8
Dodging        | 3 |  3.4
Unarmed Combat | 4 |  4.2

Action                     |  1- 3 |  4- 6 || total
---------------------------+-------+-------++-------
  Melee: Unarmed           |    55 |    49 ||   104
         Constrict         |    15 |    10 ||    25
         Tentacles         |     7 |    11 ||    18
         Punch             |       |     1 ||     1
  Throw: Stone             |    17 |       ||    17
         Dart              |    20 |    16 ||    36
    Use: Scroll            |     5 |     3 ||     8
         Potion            |       |     3 ||     3
   Stab: Sleeping          |     7 |       ||     7
 Armour: Skin              |    21 |    35 ||    56
  Dodge: Dodged            |    20 |    41 ||    61
